 Dungeon Crawl Stone Soup version 0.30-a0-359-gd0147acb1a (webtiles) character file.

Game seed: 15518507673489390016

45 holysushi the Digger (level 4, -4/33 HPs)
             Began as a Meteoran Earth Elementalist on Nov 12, 2022.
             Slain by Terence
             ... wielding a +0 short sword
              (5 damage)
             ... on level 3 of the Dungeon.
             The game lasted 00:03:54 (700 turns).

holysushi the Digger (Meteoran Earth Elementalist)   Turns: 700, Time: 00:03:55

Health: -4/33      AC:  2    Str: 10    XL:     4   Next: 12%
Magic:  1/9        EV: 12    Int: 16    God:
Gold:   44         SH:  0    Dex: 16    Spells: 5/8 levels left

rFire   . . .      SeeInvis .    c - +2 dagger (drain)
rCold   + . .      Faith    .    (no shield)
rNeg    . . .      Spirit   .    a - +0 robe
rPois   .          Reflect  .    (no helmet)
rElec   .          Harm     .    (no cloak)
rCorr   +          Rampage  .    (no gloves)
Will    .....                    (no boots)
Stlth   +.........               (no amulet)
HPRegen 0.25/turn                e - ring of protection from cold
MPRegen 0.11/turn                g - ring of resist corrosion

@: mighty, brilliant, glowing
A: sense surroundings 1, otherworldly, glowing, explore regen
a: no special abilities


You were on level 3 of the Dungeon.
You visited 1 branch of the dungeon, and saw 4 of its levels.

You collected 44 gold pieces.

Inventory:

Hand Weapons
 c - a +2 dagger of draining (weapon)
Armour
 a - a +0 robe (worn)
Jewellery
 e - a ring of protection from cold (left hand)
 g - a ring of resist corrosion (right hand)
 h - a +4 ring of protection
Scrolls
 f - a scroll of amnesia {unknown}
 i - 2 scrolls of teleportation {unknown}
 k - 2 scrolls of magic mapping {unknown}
 m - 2 scrolls of identify {unknown}
 n - a scroll of poison {unknown}
 p - 2 scrolls of enchant weapon {unknown}
 r - a scroll of fear {unknown}
Potions
 b - a potion of magic
 l - a potion of resistance {unknown}
 o - a potion of mutation {unknown}
 q - a potion of ambrosia {unknown}


   Skills:
 - Level 2.4 Dodging
 - Level 1.4 Stealth
 - Level 2.6 Spellcasting
 - Level 1.2 Transmutations
 + Level 5.5 Earth Magic


You had 5 spell levels left.
You knew the following spells:

 Your Spells              Type           Power      Damage    Failure   Level
a - Sandblast             Erth           58%        2d13      1%          1
b - Passwall              Tmut/Erth      15%        N/A       8%          2

Your spell library contained the following spells:

 Spells                   Type           Power      Damage    Failure   Level
 Stone Arrow              Conj/Erth      32%        3d9       19%         3
 Petrify                  Tmut/Erth      19%        N/A       43%         4


Dungeon Overview and Level Annotations

Branches:
Dungeon (4/15) Zot: 1664
 Temple: D:4-7

Altars:
Okawaru

Annotations:
D:3 Terence


Innate Abilities, Weirdness & Mutations

You passively map a small area around you.
You are easily found by Zot.
You glow in the dark.
You regain HP and MP as you explore.


Message History

The blast of sand hits Terence but does no damage.
Terence is heavily wounded.
Terence hits you with a +0 short sword! x2
* * * LOW HITPOINT WARNING * * *
Casting: Sandblast (safe; 1% risk of failure)
Confirm with . or Enter, or press ? or * to list all spells.
Aiming: Sandblast (safe; 1% risk of failure)
Press: ? - help, Shift-Dir - straight line, f/p - Terence
Aim: Terence, wielding a +0 short sword and wearing a +0 scale mail (heavily wounded, 84% to hit)
The blast of sand misses Terence.
Terence barely misses you.
Casting: Sandblast (safe; 1% risk of failure)
Confirm with . or Enter, or press ? or * to list all spells.
Aiming: Sandblast (safe; 1% risk of failure)
Press: ? - help, Shift-Dir - straight line, f/p - Terence
Aim: Terence, wielding a +0 short sword and wearing a +0 scale mail (heavily wounded, 84% to hit)
The blast of sand hits Terence but does no damage.
Terence is heavily wounded.
Terence closely misses you. x2
Casting: Sandblast (safe; 1% risk of failure)
Confirm with . or Enter, or press ? or * to list all spells.
Aiming: Sandblast (safe; 1% risk of failure)
Press: ? - help, Shift-Dir - straight line, f/p - Terence
Aim: Terence, wielding a +0 short sword and wearing a +0 scale mail (heavily wounded, 84% to hit)
The blast of sand hits Terence but does no damage.
Terence is heavily wounded.
Terence hits you with a +0 short sword.
* * * LOW HITPOINT WARNING * * *
Casting: Sandblast (safe; 1% risk of failure)
Confirm with . or Enter, or press ? or * to list all spells.
You don't have enough magic to cast this spell.
Unknown command.
You aren't carrying any items that you can evoke.
Unknown command.
It was a potion of brilliance.
You feel clever all of a sudden. Terence closely misses you.
It was a potion of might.
You feel very mighty all of a sudden. Terence hits you with a +0 short sword.
You die...

≈≈~###.# ##.........# * ,...
≈≈~~88..##.......##.#####..#$
,
.................#.......o...
,
.........#.......#.##......#
~≈≈~88..###.....##.*##....##
, ~≈≈~~...)....)...#., #..##
~~≈≈~.#######>##.#., ###
.~≈≈~.# #.##.#. * * .~≈≈~~#
*..##@#. ,, , #~~≈≈~#
#.###@....# ,, #~≈≈~#*
#.**#.#..## , ,,~≈≈~.. .#
....## * ,~≈≈~~. # ...,# , ,
~≈≈~# #.... , , * ,~≈≈~# *
##.#. *** * ~ ~~ * #.#.# , *
~ ,


You could see Terence.

Vanquished Creatures
  2 dart slugs (D:2)
  An orc (D:3)
  An endoplasm (D:1)
  A giant cockroach (D:1)
  2 goblins
  4 hobgoblins
  2 quokkas
  4 ball pythons
  5 bats
  3 kobolds
  20 rats
45 creatures vanquished.

Notes
Turn   | Place    | Note
-------+----------+-------------------------------------------
     0 | D:1      | holysushi the Meteoran Earth Elementalist began the quest
                  | for the Orb.
     0 | D:1      | Reached XP level 1. HP: 14/14 MP: 5/5
    54 | D:1      | Reached skill level 4 in Earth Magic
    58 | D:1      | Reached XP level 2. HP: 16/20 MP: 3/6
   122 | D:3      | Found an iron altar of Okawaru.
   199 | D:2      | Learned a level 2 spell: Passwall
   249 | D:1      | Reached XP level 3. HP: 26/26 MP: 6/8
   361 | D:2      | Reached skill level 5 in Earth Magic
   482 | D:3      | Identified the +2 chain mail of Misanthropy {+Blink rPois
                  | rC+ Str-5}
   592 | D:2      | Reached XP level 4. HP: 33/33 MP: 7/9
   687 | D:3      | Noticed Terence
   698 | D:3      | HP: 1/33 [Terence/+0 short sword (5)]
   700 | D:3      | Slain by Terence

Illustrated notes

Levels and vault maps discovered:
D:1:      dpeg_arrival_pond, layout_loops_ring
D:2:      layout_rooms, minmay_rat_hole
D:3:      wander_river, layout_loops_ring, okawaru_gym_becter, minivault_19,
          uniq_terence
D:4:      layout_basic, lemuel_zombie_altar_kikubaaqudgha,
          mainiacjoe_overflow_alcove_1, mainiacjoe_overflow_24_doors,
          nicolae_vehumet_altar_sigil, minmay_temple_entry_tees, uniq_menkaure,
          uniq_sigmund

Skill      XL: |  1  2  3 |
---------------+----------+-----
Earth Magic    | 4 5 |  5.5
Dodging        | |  2.4
Stealth        | |  1.4
Spellcasting   | |  2.6
Transmutations | |  1.2

Action                   |  1- 3 |  4- 6 || total
-------------------------+-------+-------++-------
Melee: Unarmed           |     4 |       ||     4
       Dagger            |    28 |       ||    28
 Cast: Sandblast         |    43 |    11 ||    54
  Use: Potion            |       |     2 ||     2
Armor: Robe              |    15 |       ||    15
Dodge: Dodged            |    36 |     7 ||    43

Table legend: (Time is in decaauts)
 A = Elapsed time spent in this place.
 B = Non-inter-level travel time spent in this place.
 C = Inter-level travel time spent in this place.
 D = Time resting spent in this place.
 E = Time spent auto-exploring this place.
 F = Levels seen in this place.
 G = Mean time per level.
                   A        B        C        D        E       F      G
               +--------+--------+--------+--------+--------+-----+--------+
         Total |    734 |    713 |     21 |      0 |      0 |   4 |  183.5 |
       Dungeon |    734 |    713 |     21 |      0 |      0 |   4 |  183.5 |
               +--------+--------+--------+--------+--------+-----+--------+

Top non-repeatable levels by time:
     D:2: 412 daAuts
     D:3: 207 daAuts
     D:1: 94 daAuts
     D:4: 19 daAuts
